 Dungeon Crawl Stone Soup version 0.30-a0-859-gf88a04b62d (webtiles) character file.

Game seed: 17787461091604805668

280 Dittersdorf the Covered (level 6, 0/39 HPs)
             Began as a Gargoyle Fighter on Mar 6, 2023.
             Slain by a wraith (3 damage)
             ... in an ossuary.
             The game lasted 00:02:47 (2761 turns).

Dittersdorf the Covered (Gargoyle Fighter)          Turns: 2761, Time: 00:02:47

Health: 0/39       AC: 11    Str: 22    XL:     6   Next: 27%
Magic:  6/6        EV:  9    Int: 12    God:
Gold:   222        SH:  4    Dex:  9    Spells: 5/5 levels left

rFire   . . .      SeeInvis .    a - +0 flail (freeze)
rCold   + . .      Faith    .    c - +0 buckler
rNeg    + . .      Spirit   .    b - +0 scale mail
rPois   ∞          Reflect  .    (no helmet)
rElec   +          Rampage  .    (no cloak)
rCorr   .                        (no gloves)
Will    .....                    (no boots) Stlth
                                 (no amulet)
HPRegen 0.26/turn                t - ring "Bixil" {Fly rC+ Int+4}
MPRegen 0.10/turn                (no ring)

@: flying, slowed, very slow
A: sickness immunity, AC +4, negative energy resistance 1, electricity
resistance, torment resistance 1, petrification resistance
a: no special abilities


You were in an ossuary.
You visited 1 branch of the dungeon, and saw 4 of its levels.
You also visited: Ossuary.

You collected 222 gold pieces.

Inventory:

Hand Weapons
 a - a +0 flail of freezing (weapon)
Missiles
 j - 13 poisoned darts (quivered)
Armour
 b - a +0 scale mail (worn)
 c - a +0 buckler (worn)
Jewellery
 t - the ring "Bixil" (left hand) {Fly rC+ Int+4}
   (You found it on level 3 of the Dungeon)

   [ring of flight]

   Int:       It affects your intelligence (+4).
   rC:        It protects you from cold.
   Fly:       It grants you flight.
Wands
 s - a wand of flame (51)
Scrolls
 f - a scroll of enchant armour {unknown}
 o - 2 scrolls of teleportation
 q - a scroll of identify
 u - a scroll of fear {unknown}
Potions
 d - a potion of might
 e - 3 potions of resistance
 g - a potion of flight {unknown}
 h - a potion of heal wounds {unknown}
 i - 3 potions of curing {unknown}
 k - 2 potions of berserk rage {unknown}
 l - a potion of haste {unknown}
 m - 2 potions of mutation {unknown}
 n - a potion of ambrosia {unknown}
 p - 2 potions of attraction {unknown}
 r - a potion of brilliance


   Skills:
 + Level 4.7 Fighting
 + Level 3.5 Maces & Flails
 + Level 4.7 Armour
 + Level 4.6 Shields


You had 5 spell levels left.
You didn't know any spells.
Your spell library contained the following spells:

 Spells                   Type           Power      Damage    Failure   Level
 Freeze                   Ice            0%         1d3       71%         1
 Frozen Ramparts          Ice            0%         1d1       97%         3
 Hailstorm                Conj/Ice       0%         3d3       97%         3


Dungeon Overview and Level Annotations

Branches:
Dungeon (4/15)            Ossuary (1/1)
 Temple: D:4-7

Altars:
Ru
Yredelemnul


Innate Abilities, Weirdness & Mutations

You are immune to sickness and miasma.
Your stone body is resilient. (AC +4)
You are immune to poison.
You resist negative energy. (rN+)
You are resistant to electric shocks. (rElec)
You are resistant to unholy torment.
You are immune to petrification.


Message History

You hit the wraith but do no damage.
The wraith is lightly damaged.
The wraith hits you but does no damage. The wraith hits you.
The wraith drains your vigour!
You feel as though you will be slow longer.
You sock the wraith!
The wraith is moderately damaged.
The wraith hits you. x2; The wraith drains your vigour!
You feel as though you will be slow longer.
You are too injured to fight recklessly!
You are too injured to fight recklessly!
You are too injured to fight recklessly!
You are too injured to fight recklessly!
You are too injured to fight recklessly!
You are too injured to fight recklessly!
You are too injured to fight recklessly!
You are too injured to fight recklessly!
You are too injured to fight recklessly!
You are too injured to fight recklessly!
You are too injured to fight recklessly!
You are too injured to fight recklessly!
You are too injured to fight recklessly!
You are too injured to fight recklessly!
You are too injured to fight recklessly!
You are too injured to fight recklessly!
You sock the wraith!
The wraith is heavily damaged.
The wraith completely misses you. The wraith hits you!
* * * LOW HITPOINT WARNING * * *
You closely miss the wraith.
The wraith is heavily damaged.
The wraith hits you but does no damage. The wraith completely misses you.
You closely miss the wraith.
The wraith is heavily damaged.
The wraith hits you.
* * * LOW HITPOINT WARNING * * *
The wraith drains your vigour!
You feel as though you will be slow longer.
The wraith hits you.
You die...

###########
#.@........
#.W##.###.#
#.#.#.#z#.# #
#.###.###.###.#
#.............#
#.............#
#.###.....###
#.#z#.....#z# #
#.###.....###.#


You could see a wraith and a flying skull.

Vanquished Creatures
  A scorpion (D:3)
  A wight (Ossuary)
  A jelly (D:4)
  An orc wizard (D:3)
  6 adders
  2 worms (D:2)
  An orc (D:3)
  6 ball pythons
  8 endoplasms
  5 goblins
  2 hobgoblins
  8 kobolds
  A quokka (D:1)
  A ball python skeleton (Ossuary)
  3 bats
  7 frilled lizards
  4 hobgoblin skeletons (Ossuary)
  A hobgoblin zombie (Ossuary)
  An orc skeleton (Ossuary)
  An orc zombie (Ossuary)
  3 rats
64 creatures vanquished.

Notes
Turn   | Place    | Note
-------+----------+-------------------------------------------
     0 | D:1      | Dittersdorf the Gargoyle Fighter began the quest for the
                  | Orb.
     0 | D:1      | Reached XP level 1. HP: 14/14 MP: 1/1
   360 | D:1      | Reached XP level 2. HP: 19/19 MP: 2/2
  1117 | D:2      | Reached XP level 3. HP: 23/23 MP: 3/3
  1408 | D:2      | Reached XP level 4. HP: 27/29 MP: 4/4
  1821 | D:3      | Noticed a scorpion
  1828 | D:3      | Killed a scorpion
  1829 | D:3      | Reached XP level 5. HP: 31/33 MP: 5/5
  1879 | D:3      | Found a sacrificial altar of Ru.
  1892 | D:3      | Found a basalt altar of Yredelemnul.
  2281 | D:3      | Identified the ring "Bixil" {Fly rC+ Int+4}
  2529 | D:4      | Reached XP level 6. HP: 29/39 MP: 6/6
  2534 | D:4      | Found a sand-covered staircase.
  2543 | Ossuary  | Entered an ossuary
  2709 | Ossuary  | Noticed a wraith
  2709 | Ossuary  | Noticed a flying skull
  2716 | Ossuary  | Noticed a flying skull
  2722 | Ossuary  | Noticed a flying skull
  2744 | Ossuary  | Noticed a flying skull
  2752 | Ossuary  | Noticed a flying skull
  2753 | Ossuary  | Noticed a wraith
  2761 | Ossuary  | Slain by a wraith

Illustrated notes

Levels and vault maps discovered:
D:1:      lightli_iron_boxes, layout_basic, minivault_25, nicolae_eternal_life,
          hangedman_decor_diamond_cutter, minmay_misc_feat_tower
D:2:      layout_basic, grunt_ministairs_11, minmay_pentomino_o4
D:3:      layout_loops_ring, mainiacjoe_overflow_six_doors_small,
          nicolae_ru_great_annihilating_truth
D:4:      layout_rooms, mainiacjoe_overflow_surrounded_room,
          mainiacjoe_overflow_alcove_4, serial_curves, eino_curves_04,
          eino_curves_01, nicolae_ossuary_entry_plus
Ossuary:  ossuary_due_cavern

Skill      XL: |  1  2  3  4 |
---------------+-------------+-----
Fighting       | 4 |  4.7
Armour         | 4 |  4.7
Maces & Flails | 3 |  3.5
Shields        | 4 |  4.6

Action                     |  1- 3 |  4- 6 || total
---------------------------+-------+-------++-------
  Melee: Flail             |    91 |   133 ||   224
    Use: Scroll            |       |     8 ||     8
   Stab: Paralysed         |       |     1 ||     1
 Armour: Scale mail        |    53 |    62 ||   115
  Dodge: Dodged            |    33 |    58 ||    91
  Block: Buckler           |    15 |    36 ||    51

Table legend: (Time is in decaauts)
 A = Elapsed time spent in this place.
 B = Non-inter-level travel time spent in this place.
 C = Inter-level travel time spent in this place.
 D = Time resting spent in this place.
 E = Time spent auto-exploring this place.
 F = Levels seen in this place.
 G = Mean time per level.
                   A        B        C        D        E       F      G
               +--------+--------+--------+--------+--------+-----+--------+
         Total |   2830 |   2760 |     70 |      4 |   2223 |   5 |  566.0 |
       Dungeon |   2598 |   2528 |     70 |      4 |   2059 |   4 |  649.5 |
       Ossuary |    232 |    232 |      0 |      0 |    164 |   1 |  232.0 |
               +--------+--------+--------+--------+--------+-----+--------+

Top non-repeatable levels by time:
     D:1: 1074 daAuts
     D:3: 804 daAuts
     D:2: 673 daAuts
 Ossuary: 232 daAuts
     D:4: 46 daAuts
